 Dungeon Crawl Stone Soup version 0.27-a0-1513-g2aaa0cc67b (webtiles) character file.

Game seed: 1689543623757393428

496173 karkarkar the Slayer (level 23, -15/170 (237) HPs)
             Began as a Minotaur Berserker on July 7, 2021.
             Was a High Priest of Trog.
             Killed from afar by a shadow dragon (48 damage)
             ... with a bolt of negative energy
             ... on level 5 of the Vaults on July 9, 2021.
             The game lasted 04:48:38 (54208 turns).

karkarkar the Slayer (Minotaur Berserker)          Turns: 54208, Time: 04:48:40

HP:   -15/170 (237) AC: 28    Str: 31    XL:     23   Next: 67%
MP:   32/32         EV: 12    Int: 15    God:    Trog [*****.]
Gold: 3160          SH: 20    Dex: 11    Spells: 22/22 levels left

rFire    + + .     SeeInvis .   Q - +5 eudemon blade (holy)
rCold    + . .     Faith    .   e - +1 kite shield
rNeg     . . .     Spirit   .   A - +0 shadow dragon scales
rPois    +         Reflect  +   H - +1 hat {Stlth+}
rElec    +         Harm     .   o - scarf {rC+ rF+}
rCorr    .         Rampage  .   x - +5 pair of gloves of Xoicant {Fly}
Will     ++...                  (no boots)
Stlth    ++++......             X - amulet "Unanyng" {Reflect Will+ Int+3 SH+5}
HPRegen  0.38/turn              f - ring of poison resistance
MPRegen  0.23/turn              c - ring of Coxt {rElec rF+ MP+9 Str+2 Int+6}

@: about to teleport, flying, slowed, very heavily drained, very slow
A: horns 2, retaliatory headbutt
}: 3/15 runes: decaying, silver, gossamer
a: Renounce Religion, Berserk, Trog's Hand, Brothers in Arms


You were on level 5 of the Vaults.
You worshipped Trog.
Trog was extremely pleased with you.
You visited 8 branches of the dungeon, and saw 40 of its levels.
You also visited: Sewer, Bailey, Ice Cave and Wizlab.

You collected 5373 gold pieces.
You spent 2213 gold pieces at shops.

Inventory:

Hand Weapons
 p - a +4 broad axe
 u - a +9 vampiric broad axe
 E - the +14 obsidian axe {vorpal, Drain Fly SInv}
   (You took it off a deep elf pyromancer on level 3 of the Elven Halls)

   It inflicts extra damage upon your enemies.
   SInv:      It lets you see invisible.
   Fly:       It grants you flight.
   Drain:     It drains your maximum health when unequipped.
 Q - a +5 eudemon blade of holy wrath (weapon)
 Y - a +7 broad axe of flaming
Missiles
 l - 6 curare-tipped darts (quivered)
 B - 10 atropa-tipped darts
 O - a throwing net
Armour
 e - a +1 kite shield (worn)
 o - a scarf of resistance (worn)
 w - a +4 plate armour of fire resistance
 x - the +5 pair of gloves of Xoicant (worn) {Fly}
   (You found it on level 5 of the Dungeon)

   Fly:       It grants you flight.
 A - +0 shadow dragon scales (worn)
 H - a +1 hat of stealth (worn)
Jewellery
 c - the ring of Coxt (right hand) {rElec rF+ MP+9 Str+2 Int+6}
   (You acquired it on level 6 of the Dungeon)

   [ring of intelligence]

   Str:       It affects your strength (+2).
   Int:       It affects your intelligence (+6).
   rF:        It protects you from fire.
   rElec:     It insulates you from electricity.
   MP:        It affects your magic capacity (+9).
 f - a ring of poison resistance (left hand)
 i - a ring of ice
 D - a ring of protection from fire
 G - a ring of protection from cold
 J - a +6 ring of intelligence
 M - a ring of willpower
 V - a ring of protection from cold
 X - the amulet "Unanyng" (around neck) {Reflect Will+ Int+3 SH+5}
   (You found it on level 2 of the Lair of Beasts)

   [amulet of reflection]

   It reflects blocked missile attacks.
   Int:       It affects your intelligence (+3).
   SH:        It affects your SH (+5).
   Will:      It increases your willpower.
Wands
 a - a wand of iceblast (24)
 m - a wand of polymorph (39)
 r - a wand of acid (19)
 z - a wand of charming (18)
 K - a wand of flame (57)
 N - a wand of digging (12)
 R - a wand of mindburst (22)
Scrolls
 d - 14 scrolls of teleportation
 t - 7 scrolls of fog
 v - 2 scrolls of magic mapping
 F - 2 scrolls of immolation
 P - 4 scrolls of enchant armour
 S - a scroll of fear
 T - 4 scrolls of holy word
 U - a scroll of silence
Potions
 b - 5 potions of invisibility
 g - 6 potions of might
 h - 9 potions of ambrosia
 j - 2 potions of haste
 q - 15 potions of curing
 s - 2 potions of cancellation
 y - a potion of heal wounds
 C - 7 potions of lignification
 I - a potion of attraction
 L - 4 potions of mutation
 W - a potion of magic
 Z - 2 potions of resistance
Miscellaneous
 n - a tin of tremorstones (2/2)


   Skills:
 + Level 26.2 Fighting
 + Level 1.8(3.1) Short Blades
 + Level 4.2(4.5) Long Blades
 + Level 22.4(23.3) Axes
 - Level 13.0(19.1) Maces & Flails
 + Level 1.8(15.4) Polearms
 + Level 1.8(8.9) Staves
 + Level 1.6(2.8) Slings
 + Level 1.8 Bows
 + Level 1.6 Crossbows
 + Level 3.2(3.4) Throwing
 + Level 22.1 Armour
 + Level 9.1 Dodging
 + Level 4.3 Stealth
 + Level 12.3 Shields
 + Level 1.6 Unarmed Combat
 + Level 1.4 Invocations
 + Level 3.1 Evocations


You had 22 spell levels left.
You didn't know any spells.
Your spell library was empty.

Dungeon Overview and Level Annotations

Branches:
Dungeon (15/15)            Temple (0/1) D:5            Lair (6/6) D:11
  Swamp (4/4) Lair:2       Spider (4/4) Lair:4        Slime (1/5) Lair:5
    Orc (2/2) D:9             Elf (3/3) Orc:2        Vaults (5/5) D:14
  Crypt (0/3) Vaults:3      Sewer (visited)          Bailey (visited)
  IceCv (visited)          WizLab (visited)
 Depths: D:15

Altars:
Ashenzari
Hepliaklqana
Makhleb
Okawaru
Qazlal
Sif Muna
Trog
Vehumet
Xom
The Shining One

Shops:
D:4 ?   D:6 ?   D:7 (   D:14 *   Orc:2 ([*=*   Elf:2 (!   Elf:3 [   Vaults:3 *
Vaults:5 ?

Portals:
Hell: Lair:6
Trove: D:11 (give horn of Geryon)

Annotations:
Lair:5 3 runed translucent doors, Nausicaa's ghost, journeyman MiBe
Spider:4 exclusion: Roxanne, Roxanne


Innate Abilities, Weirdness & Mutations

You have a pair of horns on your head.
You reflexively headbutt those who attack you in melee.


Message History

Your skin stops crawling.
You feel less strong-willed. You block the dread lich's attack.
The shadow dragon breathes negative energy at you.
The bolt of negative energy hits the dread lich.
The dread lich completely resists.
The bolt of negative energy hits you!!
You feel drained.
The Tzitzimitl engulfs you but does no damage.
The Tzitzimitl bites you.
You feel drained.
You barely miss the dread lich.
You headbutt the dread lich, but do no damage.
The dread lich is lightly damaged.
You block the dread lich's attack. The Tzitzimitl engulfs you!
The Tzitzimitl drains your vigour!
You feel yourself slow down.
The Tzitzimitl bites you but does no damage.
The dread lich touches you!
As you read the scroll of teleportation, it crumbles to dust.
You feel strangely unstable. The Tzitzimitl engulfs you.
The Tzitzimitl drains your vigour!
You feel as though you will be slow longer.
You block the Tzitzimitl's attack. You block the dread lich's attack.
The Tzitzimitl engulfs you but does no damage.
The Tzitzimitl bites you but does no damage.
The dread lich casts a spell at you. You resist with some effort.
You block the Tzitzimitl's attack. The Tzitzimitl closely misses you.
The dread lich casts a spell at you. You resist with some effort.
The Tzitzimitl calls on the powers of darkness!
Your body is wracked with pain!
* * * LOW HITPOINT WARNING * * *
The shadow dragon convulses!
The dread lich mumbles some strange words.
The dread lich seems to speed up.
The shadow dragon breathes negative energy at you.
The bolt of negative energy hits the dread lich.
The dread lich completely resists.
The bolt of negative energy hits the Tzitzimitl.
The Tzitzimitl completely resists.
The bolt of negative energy hits you!!!
You feel drained.
You die...

######
###..LD#
##.@1##1#
#..### Q!#
#.## ?.)#
#...#.#.#
∩"?(.
...#.#.#
).$### ..
...#.#.# $[##
... #..
#..#.#.# $##
..#
#..##..#.#.##
..#
#..##..#.#..#
#..#


You could see a shadow dragon (catching breath), a dread lich (fast) and a
Tzitzimitl (summoned).

Vanquished Creatures
  Mennas (Vaults:3)
  Xtahua (Vaults:5)
  Bai Suzhen (Swamp:3)
  Nikola (Vaults:3)
  A golden dragon (Vaults:5)
  2 tentacled monstrosities (Vaults:5)
  2 deep elf master archers (Elf:3)
  5 deep elf blademasters
  Asterion (Vaults:2)
  Gastronok (Lair:2)
  3 sphinxes (Vaults:5)
  A shadow dragon (Vaults:5)
  3 tengu reavers
  Agnes (D:13)
  A thorn hunter (Swamp:3)
  2 fire giants
  3 frost giants
  10 deep elf sorcerers
  17 vault wardens
  8 emperor scorpions
  3 orc warlords
  2 deep elf elementalists (Elf:3)
  3 ghost moths
  17 ironbound preservers
  5 deep elf demonologists (Elf:3)
  7 very ugly things
  4 stone giants
  5 deep elf annihilators
  4 dire elephants
  9 entropy weavers
  3 bunyips
  An eidolon (Vaults:3)
  A green death (WizLab)
  2 ettins
  5 eleionomae
  Josephine (D:9)
  6 deep elf death magi
  2 great orbs of eyes
  9 deep elf high priests
  12 yaktaur captains
  A hell beast (WizLab)
  23 hydras
  A boulder beetle (D:13)
  2 shambling mangroves
  40 vault guards
  A peacekeeper (Vaults:1)
  7 ironbound thunderhulks
  2 ogre magi (Vaults:5)
  3 ironbound frosthearts (Vaults:1)
  3 ghost crabs
  Erica (D:8)
  13 centaur warriors
  25 dancing weapons
  6 two-headed ogres
  A deep troll earth mage (Vaults:5)
  2 vampire magi
  11 alligators
  3 orc high priests (Orc:2)
  21 death yaks
  6 ironbound beastmasters
  15 spriggans
  23 deep elf knights
  A hell knight (Vaults:5)
  A sun demon (WizLab)
  A sixfirhy (Lair:6)
  A skeletal warrior (Vaults:3)
  2 goliath frogs
  6 spriggan druids
  44 deep trolls
  2 bog bodies (Swamp:2)
  15 deep elf archers
  13 swamp dragons
  A glowing orange brain (Vaults:4)
  8 wizards
  14 lindwurms
  25 deep elf zephyrmancers
  A necromancer (Vaults:5)
  Pikel (D:9)
  8 orc knights
  17 ironbound convokers
  2 phantasmal warriors
  5 harpies
  5 orc sorcerers
  7 wolf spiders
  2 manticores
  14 orb spiders
  29 deep elf pyromancers
  11 ugly things
  3 will-o-the-wisps
  2 cyclopes
  15 vault sentinels
  A rust devil (WizLab)
  6 black mambas
  A torpor snail (shapeshifter) (Vaults:1)
  14 elephants (Lair:6)
  A smoke demon (WizLab)
  12 cane toads
  An orange demon (Lair:6)
  An ice statue (IceCv)
  A titan simulacrum (Vaults:4)
  A gargoyle (D:13)
  An unseen horror (D:10)
  A hellion (WizLab)
  9 komodo dragons
  An efreet (D:15)
  A freezing wraith (Vaults:5)
  14 rime drakes
  8 demonic crawlers
  2 kobold demonologists
  52 yaktaurs
  3 ice devils (Lair:6)
  A hellwing (Lair:6)
  3 red devils
  A bloated husk (Swamp:3)
  5 trolls
  8 polar bears
  25 jumping spiders
  Grinder (D:3)
  11 tyrant leeches
  17 hornets
  16 blink frogs
  38 slime creatures
  10 dream sheep
  65 redbacks
  7 air elementals
  2 shadows
  4 wyverns
  6 wraiths
  2 vampires
  8 water elementals
  4 fire elementals
  27 tarantellas
  34 yaks
  Grum (D:9)
  3 basilisks
  2 vampire mosquitoes (D:13)
  A neqoxec (WizLab)
  5 steam dragons
  2 wargs
  15 swamp worms
  2 acid dragons
  12 water moccasins
  4 hell hounds (Lair:6)
  8 swamp drakes
  31 orc warriors
  3 ice beasts
  A sky beast (D:5)
  10 ogres
  20 wolves
  2 boggarts
  14 centaurs
  2 phantoms
  A lemure (D:9)
  16 bullfrogs
  4 kobold brigands (Sewer)
  2 scorpions
  3 earth elementals
  10 killer bees
  3 wights (D:9)
  2 howler monkeys
  7 centaur zombies
  6 hounds
  A human simulacrum (Vaults:4)
  4 jellies
  35 orc priests
  Ijyb (D:4)
  An iguana (D:4)
  Jessica (D:3)
  31 orc wizards
  Natasha (D:3)
  7 hell rats
  A scorpion zombie (D:5)
  2 howler monkey zombies
  2 gnolls (Bailey)
  14 adders
  A howler monkey skeleton (D:7)
  A river rat (Sewer)
  A white imp (D:5)
  An ufetubus (D:4)
  3 worms
  5 dart slugs
  94 orcs
  10 endoplasms
  6 giant cockroaches
  9 goblins
  8 hobgoblins
  3 jackals (D:5)
  11 quokkas
  10 ball pythons
  5 bats
  2 frilled lizards
  29 kobolds
  6 rats
  3 briar patches (Swamp:4)
1559 creatures vanquished.

Vanquished Creatures (collateral kills)
  An ancient lich (Vaults:5)
  A vault warden (Vaults:4)
  A deep elf sorcerer (Elf:3)
  An orc warlord (Vaults:4)
  A deep elf annihilator (Elf:3)
  2 deep elf death magi (Elf:3)
  2 two-headed ogres (Vaults:5)
  A death yak (Lair:5)
  2 dancing weapons (Elf:2)
  An ironbound beastmaster (Vaults:1)
  A deep elf knight (Elf:2)
  3 deep trolls
  A deep elf zephyrmancer (Elf:2)
  2 lindwurms (Vaults:1)
  4 oklob plants (Lair:3)
  A moth of wrath (Spider:4)
  A yaktaur (Vaults:1)
  2 redbacks (Spider:4)
  A tarantella (Vaults:4)
  A basilisk (Lair:5)
  An earth elemental (Elf:3)
  An orc wizard (Orc:2)
  A goblin (Bailey)
  A hobgoblin (Bailey)
34 creatures vanquished.

Vanquished Creatures (others)
  An eleionoma (Swamp:1)
  A yaktaur captain (Vaults:3)
  2 goliath frogs
  A phantasmal warrior (Vaults:5)
  A wizard (Vaults:1)
  A deep elf pyromancer (Elf:2)
  A necromancer (Vaults:5)
  An orb spider (Spider:1)
  3 yaktaurs (Vaults:3)
  2 bloated husks (Swamp:1)
  A spriggan (Swamp:1)
  A centaur (D:13)
  A briar patch (Swamp:4)
  12 foxfires
  35 fungi
  26 plants
  5 withered plants (D:15)
95 creatures vanquished.

Grand Total: 1688 creatures vanquished

Notes
Turn   | Place    | Note
-------+----------+-------------------------------------------
     0 | D:1      | karkarkar the Minotaur Berserker began the quest for the
                  | Orb.
     0 | D:1      | Reached XP level 1. HP: 19/19 MP: 0/0
   264 | D:1      | Found a faded altar of an unknown god.
   266 | D:1      | Noticed a floating eye
   266 | D:1      | Noticed a shining eye
   267 | D:1      | Noticed an eye of devastation
   267 | D:1      | Noticed an eye of devastation
   269 | D:1      | Reached XP level 2. HP: 27/27 MP: 1/1
   358 | D:1      | Reached skill level 4 in Fighting
  1221 | D:2      | Reached XP level 3. HP: 29/33 MP: 2/2
  1693 | D:2      | Reached XP level 4. HP: 41/41 MP: 3/3
  1834 | D:2      | Reached ** piety under Trog
  1884 | D:3      | Reached skill level 5 in Axes
  1936 | D:3      | Noticed Jessica
  1943 | D:3      | Killed Jessica
  2000 | D:3      | Reached XP level 5. HP: 32/47 MP: 4/4
  2243 | D:3      | Noticed Natasha
  2257 | D:3      | Killed Natasha
  2395 | D:3      | Found a radiant altar of Vehumet.
  2451 | D:3      | Noticed Grinder
  2465 | D:3      | Paralysed by Grinder for 6 turns
  2492 | D:3      | Killed Grinder
  2493 | D:3      | Reached skill level 5 in Fighting
  2493 | D:3      | Reached XP level 6. HP: 15/56 MP: 5/5
  3195 | D:4      | Found a broken altar of Ashenzari.
  3310 | D:4      | Noticed a yak
  3311 | D:4      | Noticed a yak
  3312 | D:4      | Found a glowing drain.
  3312 | D:4      | Noticed a yak
  3312 | D:4      | Noticed a yak
  3312 | D:4      | Noticed a yak
  3314 | D:4      | Reached XP level 7. HP: 61/61 MP: 6/6
  3326 | D:4      | Killed a yak
  3327 | D:4      | Reached skill level 5 in Armour
  3327 | D:4      | Killed a yak
  3333 | D:4      | Killed a yak
  3335 | D:4      | Killed a yak
  3336 | D:4      | Reached skill level 6 in Fighting
  3336 | D:4      | Reached XP level 8. HP: 70/70 MP: 7/7
  3346 | Sewer    | Entered a sewer
  3400 | Sewer    | Reached skill level 1 in Stealth
  3783 | Sewer    | Reached *** piety under Trog
  4012 | D:4      | Reached skill level 1 in Maces & Flails
  4106 | D:4      | Noticed Ijyb
  4120 | D:4      | Killed Ijyb
  4156 | D:4      | Found a hazy altar of Hepliaklqana.
  4484 | D:4      | Found Hewuahion's Magic Scroll Emporium.
  4488 | D:4      | Bought a scroll of blinking for 97 gold pieces
  4534 | D:5      | Entered Level 5 of the Dungeon
  4591 | D:5      | Reached XP level 9. HP: 70/78 MP: 8/8
  4722 | D:5      | Identified the +5 pair of gloves of Xoicant {Fly}
  4793 | D:5      | Found a staircase to the Ecumenical Temple.
  5064 | D:5      | Reached skill level 5 in Maces & Flails
  5216 | D:5      | Found a glowing golden altar of the Shining One.
  5216 | D:5      | Found a shimmering altar of Xom.
  5407 | D:6      | Reached skill level 7 in Fighting
  5599 | D:6      | You are sucked into a shaft and drop 2 floors!
  5751 | D:6      | Reached **** piety under Trog
  5759 | D:6      | Noticed a kobold demonologist
  5767 | D:6      | Noticed a red devil
  5771 | D:6      | Killed a kobold demonologist
  6085 | D:6      | Found Odit's Magic Scroll Emporium.
  6096 | D:6      | Bought a scroll of enchant weapon for 97 gold pieces
  6486 | D:7      | Found Deisiys's Weapon Shop.
  6557 | D:7      | Reached XP level 10. HP: 88/88 MP: 9/9
  6665 | D:7      | Reached skill level 8 in Fighting
  7117 | D:7      | Upgraded the game from 0.27-a0-1500-g450c7e4133 to
                  | 0.27-a0-1502-g47ed6a6988
  7215 | D:8      | Found a bloodstained altar of Trog.
  7421 | D:8      | Reached ***** piety under Trog
  7454 | D:8      | Noticed Erica
  7482 | D:8      | Killed Erica
  7483 | D:8      | Reached skill level 10 in Maces & Flails
  7730 | D:9      | Noticed a brown ugly thing
  7747 | D:9      | Killed a brown ugly thing
  7748 | D:9      | Reached skill level 5 in Dodging
  7931 | D:9      | Reached skill level 9 in Fighting
  7932 | D:9      | Noticed Pikel
  7946 | D:9      | Killed Pikel
  8078 | D:9      | Noticed Grum
  8095 | D:9      | Killed Grum
  8163 | D:9      | Reached XP level 11. HP: 97/97 MP: 10/10
  8163 | D:9      | Found a staircase to the Orcish Mines.
  8749 | D:10     | Entered Level 10 of the Dungeon
  9127 | D:4      | Bought a scroll of brand weapon for 260 gold pieces
  9289 | D:10     | Reached skill level 10 in Armour
  9319 | D:10     | Identified the +4 rapier of Giud {vamp, rC++}
  9833 | D:11     | Reached skill level 10 in Fighting
  9840 | D:11     | Found a portal to a secret trove of treasure.
  9854 | D:11     | Noticed a two-headed ogre
  9854 | D:11     | Noticed a death yak
  9854 | D:11     | Noticed a death yak
  9854 | D:11     | Noticed a death yak
  9879 | D:11     | Killed a death yak
  9884 | D:11     | Killed a death yak
  9897 | D:11     | Killed a two-headed ogre
  9994 | D:11     | Killed a death yak
 10016 | D:11     | Found a staircase to the Lair.
 10135 | D:11     | Noticed a two-headed ogre
 10151 | D:11     | Killed a two-headed ogre
 10152 | D:11     | Reached skill level 11 in Fighting
 10446 | D:11     | Found a burning altar of Makhleb.
 10446 | D:11     | Noticed an Executioner
 10496 | D:12     | Found a flagged portal.
 10523 | Bailey   | Entered a bailey
 10528 | Bailey   | Noticed an orc warlord
 10704 | Bailey   | Found a runed translucent gate.
 10704 | Bailey   | Found a runed translucent gate.
 10704 | Bailey   | Found a runed translucent gate.
 10862 | Bailey   | Killed an orc warlord
 10998 | D:12     | Noticed a seven-headed hydra
 10999 | D:12     | Noticed a brown ugly thing
 11006 | D:12     | Killed a seven-headed hydra
 11007 | D:12     | Reached XP level 12. HP: 76/111 MP: 11/11
 11071 | D:12     | You are sucked into a shaft and drop 3 floors!
 11071 | D:15     | Entered Level 15 of the Dungeon
 11213 | D:13     | Reached skill level 12 in Fighting
 11434 | D:13     | Noticed an eight-headed hydra
 11444 | D:13     | Killed an eight-headed hydra
 11459 | D:13     | Noticed a centaur warrior
 11839 | D:13     | Killed a centaur warrior
 12047 | D:13     | Noticed a boulder beetle
 12111 | D:13     | Killed a boulder beetle
 12212 | D:13     | Found an iron altar of Okawaru.
 12345 | D:14     | Found Icag's Gadget Gallery.
 12450 | D:14     | Found a stormy altar of Qazlal.
 12494 | D:14     | Found a gate to the Vaults.
 12494 | D:14     | Noticed a vault guard
 12494 | D:14     | Noticed a vault guard
 12494 | D:14     | Noticed a vault guard
 12494 | D:14     | Noticed a vault guard
 12495 | D:14     | Noticed a vault guard
 12631 | D:14     | Killed a vault guard
 12632 | D:14     | Reached skill level 1 in Shields
 12667 | D:14     | Killed a vault guard
 12781 | D:14     | Noticed a vault guard
 12805 | D:14     | Killed a vault guard
 12840 | D:14     | Reached skill level 13 in Fighting
 12930 | D:14     | Noticed a vault guard
 12955 | D:14     | Killed a vault guard
 12992 | D:14     | Killed a vault guard
 13021 | D:14     | Noticed Agnes
 13039 | D:14     | Noticed a vault guard
 13074 | D:13     | Killed Agnes
 13075 | D:13     | Reached skill level 1 in Throwing
 13140 | D:14     | Killed a vault guard
 13141 | D:14     | Reached XP level 13. HP: 122/122 MP: 12/12
 13579 | D:15     | Reached skill level 10 in Axes
 13594 | D:15     | Noticed a tengu reaver
 14255 | Orc:1    | Entered Level 1 of the Orcish Mines
 14256 | Orc:1    | Noticed Josephine
 14338 | D:9      | Killed Josephine
 15133 | D:12     | Reached skill level 14 in Fighting
 15667 | D:12     | Found a shimmering blue altar of Sif Muna.
 16204 | Orc:2    | Entered Level 2 of the Orcish Mines
 16501 | Orc:2    | Found Utre's Overcharged Wands.
 16570 | Orc:2    | Found a staircase to the Elven Halls.
 16790 | Orc:2    | Received a gift from Trog
 16847 | Orc:2    | Reached skill level 15 in Armour
 17574 | Orc:2    | Noticed an orc warlord
 17612 | Orc:1    | Killed an orc warlord
 17789 | Orc:2    | Found Usiseoghui's Antique Armour Shoppe.
 17790 | Orc:2    | Found Ifeicyzeu's Antique Weapon Shoppe.
 17793 | Orc:2    | Found Tusaneng's General Store.
 17793 | Orc:2    | Found Qejacuan's Jewellery Emporium.
 17868 | Orc:2    | Bought a potion of curing for 36 gold pieces
 17882 | Orc:2    | Bought a faintly glowing war axe for 331 gold pieces
 17882 | Orc:2    | Identified the +9 war axe of Eternal Harmony {drain, Int+6}
                  | (You bought it in a shop on level 2 of the Orcish Mines)
 17998 | Lair:1   | Entered Level 1 of the Lair of Beasts
 18029 | Lair:1   | Reached XP level 14. HP: 118/133 MP: 13/13
 18271 | Lair:1   | Reached skill level 1 in Short Blades
 18271 | Lair:1   | Reached skill level 1 in Long Blades
 18271 | Lair:1   | Reached skill level 1 in Polearms
 18271 | Lair:1   | Reached skill level 1 in Staves
 18271 | Lair:1   | Reached skill level 1 in Slings
 18271 | Lair:1   | Reached skill level 1 in Bows
 18271 | Lair:1   | Reached skill level 1 in Crossbows
 18271 | Lair:1   | Reached skill level 1 in Unarmed Combat
 18271 | Lair:1   | Reached skill level 1 in Invocations
 18271 | Lair:1   | Reached skill level 1 in Evocations
 18271 | Lair:1   | Reached XP level 15. HP: 139/139 MP: 14/14
 18552 | Lair:2   | Noticed Gastronok
 18576 | Lair:2   | Killed Gastronok
 18595 | Lair:2   | Identified the amulet "Unanyng" {Reflect Will+ Int+3 SH+5}
 18940 | Lair:2   | Found a staircase to the Swamp.
 21203 | Lair:4   | Found a hole to the Spider Nest.
 21343 | Lair:4   | Reached skill level 15 in Axes
 21436 | Lair:4   | Received a gift from Trog
 22146 | Lair:5   | Found a frozen archway.
 22162 | Lair:5   | Reached skill level 15 in Fighting
 22188 | IceCv    | Entered an ice cave
 22345 | IceCv    | Noticed a frost giant
 22367 | IceCv    | Killed a frost giant
 23193 | Lair:5   | Found a staircase to the Slime Pits.
 23403 | Lair:5   | Found a runed translucent gate.
 23403 | Lair:5   | Found a runed translucent gate.
 23403 | Lair:5   | Found a runed translucent gate.
 23405 | Lair:5   | Noticed Nausicaa's ghost (journeyman MiBe)
 23753 | Lair:6   | Entered Level 6 of the Lair of Beasts
 23763 | Lair:6   | Reached XP level 16. HP: 151/151 MP: 15/15
 23791 | Lair:5   | HP: 7/151 [six-headed hydra (2)]
 23799 | Lair:5   | Reached skill level 16 in Fighting
 24944 | Lair:6   | Found a burning altar of Makhleb.
 24958 | Lair:6   | Reached skill level 17 in Fighting
 24982 | Lair:6   | Found a gateway to Hell.
 25668 | Spider:1 | Entered Level 1 of the Spider Nest
 26011 | Spider:1 | Reached ****** piety under Trog
 26409 | Spider:1 | Received a gift from Trog
 26620 | Spider:1 | Identified the +5 spear of Salt {venom, rF+ rN++ Will+
                  | Int-5}
 26939 | Spider:1 | Identified 2 scrolls of acquirement
 26940 | Spider:1 | Acquired a +4 broad axe of flaming
 27291 | Spider:2 | Paralysed by a hornet for 1 turns
 27386 | Spider:2 | You are sucked into a shaft and drop 1 floor!
 27554 | Spider:4 | Entered Level 4 of the Spider Nest
 27680 | Spider:4 | Identified the +10 falchion of the Shallot {vorpal, Drain
                  | Dex+6}
 27719 | Spider:4 | Reached skill level 18 in Fighting
 28258 | Spider:4 | Reached XP level 17. HP: 166/166 MP: 16/16
 28853 | Spider:4 | Noticed Roxanne
 28853 | Spider:4 | Upgraded the game from 0.27-a0-1502-g47ed6a6988 to
                  | 0.27-a0-1513-g2aaa0cc67b
 29031 | Spider:3 | Received a gift from Trog
 29032 | Spider:3 | Reached skill level 19 in Fighting
 29891 | Spider:4 | Got a gossamer rune of Zot
 30264 | Slime:1  | Entered Level 1 of the Pits of Slime
 30550 | D:6      | Bought a scroll of identify for 26 gold pieces
 30550 | D:6      | Bought a scroll of enchant weapon for 97 gold pieces
 30550 | D:6      | Bought a scroll of identify for 26 gold pieces
 30550 | D:6      | Bought a scroll of identify for 26 gold pieces
 30554 | D:6      | Acquired the ring of Coxt {rElec rF+ MP+9 Str+2 Int+6}
 30615 | D:4      | Bought a scroll of teleportation for 39 gold pieces
 30615 | D:4      | Bought a scroll of teleportation for 39 gold pieces
 30615 | D:4      | Bought a scroll of enchant weapon for 97 gold pieces
 30814 | Swamp:1  | Entered Level 1 of the Swamp
 33387 | Swamp:2  | Reached skill level 20 in Fighting
 33724 | Swamp:2  | Received a gift from Trog
 34322 | Swamp:3  | Noticed Bai Suzhen
 34341 | Swamp:3  | Killed Bai Suzhen
 34844 | Swamp:3  | Reached XP level 18. HP: 173/180 MP: 17/17
 35233 | Swamp:4  | Entered Level 4 of the Swamp
 35527 | Swamp:4  | Reached skill level 21 in Fighting
 35798 | Swamp:4  | Received a gift from Trog
 36614 | Swamp:4  | Got a decaying rune of Zot
 36894 | Elf:1    | Entered Level 1 of the Elven Halls
 36962 | Elf:1    | Found a magical portal.
 36987 | WizLab   | Entered The Hall of the Hellbinder
 37491 | Elf:1    | Paralysed by an air elemental for 1 turns
 37697 | Elf:1    | Received a gift from Trog
 37712 | Elf:1    | Paralysed by an air elemental for 1 turns
 39010 | Elf:2    | Paralysed by an air elemental for 1 turns
 39015 | Elf:2    | Reached skill level 22 in Fighting
 39629 | Elf:2    | Found Tuciast's Weapon Emporium.
 39630 | Elf:2    | Found Sicidodgh's Distillery.
 39913 | Elf:2    | Found a runed translucent door.
 39937 | Elf:2    | Received a gift from Trog
 39941 | Elf:2    | Found a runed translucent door.
 40086 | Elf:2    | Reached XP level 19. HP: 148/191 MP: 18/18
 40902 | Elf:3    | Entered Level 3 of the Elven Halls
 41805 | Elf:3    | Found Comapase's Armour Emporium.
 41839 | Elf:3    | Bought a +4 plate armour of fire resistance for 900 gold
                  | pieces
 42296 | Elf:3    | Identified the +3 battleaxe "Erostr Mubo" {vorpal, rPois}
                  | (Trog gifted it to you on level 3 of the Elven Halls)
 42296 | Elf:3    | Received a gift from Trog
 42301 | Elf:3    | Identified the +3 mace "Puhil" {flame, rElec}
 42393 | Elf:3    | Paralysed by an air elemental for 1 turns
 42396 | Elf:3    | Paralysed by an air elemental for 1 turns
 42421 | Elf:3    | Paralysed by an air elemental for 1 turns
 42495 | Elf:3    | Noticed a Brimstone Fiend
 42517 | Elf:3    | Reached skill level 23 in Fighting
 42743 | Elf:3    | Noticed a Brimstone Fiend
 42780 | Elf:3    | Paralysed by an air elemental for 1 turns
 43118 | Elf:3    | Reached XP level 20. HP: 131/184 MP: 19/19
 43627 | Vaults:1 | Entered Level 1 of the Vaults
 44927 | Vaults:1 | Reached skill level 24 in Fighting
 45024 | Vaults:1 | Received a gift from Trog
 46296 | Vaults:2 | Noticed Asterion
 46310 | Vaults:2 | Killed Asterion
 46934 | Vaults:2 | Reached XP level 21. HP: 204/215 MP: 20/20
 47199 | Vaults:2 | Reached XP level 22. HP: 224/224 MP: 22/22
 47345 | Vaults:3 | Identified the +0 pair of gloves of Baldness {Harm Drain
                  | SInv Stlth+}
 47345 | Vaults:3 | Noticed Nikola
 47363 | Vaults:3 | Killed Nikola
 47925 | Vaults:3 | Found Riapt's General Store.
 47949 | Vaults:3 | Bought a scroll of enchant armour for 142 gold pieces
 48118 | Vaults:3 | Reached skill level 5 in Shields
 48312 | Vaults:3 | Found a staircase to the Crypt.
 48686 | Vaults:3 | Reached skill level 25 in Fighting
 50621 | Vaults:4 | Noticed Mennas
 51087 | Vaults:3 | Killed Mennas
 51754 | Vaults:4 | Received a gift from Trog
 52487 | Vaults:5 | Entered Level 5 of the Vaults
 52499 | Vaults:4 | Reached skill level 10 in Shields
 52539 | Vaults:4 | Reached XP level 23. HP: 236/236 MP: 23/23
 52958 | Vaults:5 | Received a gift from Trog
 52968 | Vaults:5 | Got a silver rune of Zot
 53016 | Vaults:5 | Reached skill level 26 in Fighting
 53055 | Vaults:5 | Noticed Xtahua
 53071 | Vaults:5 | Killed Xtahua
 53465 | Vaults:5 | Noticed an ancient lich
 53576 | Vaults:5 | Killed an ancient lich
 54036 | Vaults:5 | Identified the amulet "Giac" {Spirit Dex+4 Slay+3}
 54187 | Vaults:5 | Found Cereklof's Magic Scroll Boutique.
 54187 | Vaults:5 | Noticed a dread lich
 54208 | Vaults:5 | Killed from afar by a shadow dragon

Illustrated notes

Levels and vault maps discovered:
D:1:      ncdulo_halloftheorcs, layout_basic,
          hellmonk_ecumenical_altar_watching_god, minmay_pentomino_r2
D:2:      layout_basic, minmay_box_of_dots
D:3:      layout_basic, nicolae_vehumet_radiance, st_stairs_9,
          nrook_mini_vaults, uniq_grinder, uniq_natasha, uniq_jessica
D:4:      layout_loops_cross, nicolae_ashenzari_skybound,
          mainiacjoe_overflow_six_doors_small, serial_shops,
          kennysheep_mini_moat, portal_sewer_entry_f, serial_bayou_pond_e,
          uniq_ijyb
D:5:      layout_cave_pods, amethyst_overflow_temple_binary,
          minmay_temple_entry_ruins, kennysheep_small_square
D:6:      kennysheep_steamy, layout_basic, serial_shops, nicolae_stop_n_shop_2,
          serial_curves, eino_curves_02, eino_curves_01, minmay_statues_item,
          nicolae_underground_beach
D:7:      layout_basic, serial_shops, nicolae_shop_stone
D:8:      layout_rooms, lightli_temple_of_fire, uniq_erica
D:9:      layout_long_grid, erik_orc_4, uniq_pikel, uniq_grum
D:10:     layout_cave_pods, library_closet
D:11:     layout_rooms, dpeg_lair_monsters, enter_trove_0, st_stairs_12,
          makhleb_altar_promises_db
D:12:     layout_loops_ring, serial_co_window_serial, co_window_cross_1,
          co_window_of_opportunity_a, co_window_paths_b, co_window_paths_a,
          co_window_paths_a, co_window_of_opportunity_a, co_window_paths_a,
          co_window_corner_b, co_window_broadway_a, co_window_2corner,
          co_window_paths_c, co_window_sun, glass_columns_a, glass_columns_a,
          glass_columns_c, glass_columns_a, glass_columns_a, enter_bailey_3,
          nicolae_sif_muna_condensation
D:13:     layout_loops_ring, columned_hall_lemuel, okawaru_altar_gauntlet_db
D:14:     layout_loops_ring, erik_vaults_2, nicolae_qazlal_eye_of_the_storm,
          chequers_serial_rivers_micro_c, nicolae_shop_gadgets, uniq_agnes
D:15:     gammafunk_depths_entry_grave, layout_loops_ring, minmay_radiant
Lair:1:   layout_cave_shapes, nicolae_quartered_pool_little
Lair:2:   layout_regular_city, swamp_mist, uniq_gastronok
Lair:3:   layout_cave_shapes, minmay_lair_oklob_chamber
Lair:4:   layout_regular_city, spider_nest_entry_web_field,
          grunt_forest_small_clearings
Lair:5:   layout_hall_layers, minmay_slime_entry_pillars,
          portal_ice_cave_entry_animals_and_master, ebering_ghost_rock_garden,
          eino_small_chamber_without_monster, lemuel_fruit_tree
Lair:6:   evil_forest, layout_concentric_octagons,
          chequers_serial_rivers_large_a
Swamp:1:  layout_basic_swamp, nicolae_swamp_some_circles, swamp_pool1,
          cheibrodos_swamp_pet_leeches
Swamp:2:  layout_basic_swamp, nicolae_swamp_bean_lake, nicolae_swamp_big_swirl
Swamp:3:  layout_basic_swamp, evilmike_swamp_ruin_house_1, uniq_bai_suzhen
Swamp:4:  swamp_alternative, layout_basic_swamp
Spider:1: layout_spider_delve
Spider:2: layout_spider_delve
Spider:3: layout_spider_delve, nicolae_spider_some_kinda_spiderbox, uniq_jorgrun
Spider:4: grunt_spider_rune_circles, hangedman_spider_mandibles, uniq_roxanne
Slime:1:  layout_caves
Orc:1:    layout_caves, uniq_josephine
Orc:2:    st_orc_congregation, layout_caves, nicolae_shop_overcharged_wands
Elf:1:    layout_onion_city, infiniplex_enter_wizlab_water,
          hangedman_elf_disciples
Elf:2:    layout_onion_city, grunt_ministairs_11, nicolae_wooded_promenade
Elf:3:    minmay_elf_hall_circle, layout_geoelf_octagon, serial_shops,
          nicolae_shop_waterfront, hex_intersection, nicolae_elf_big_sculpture_1
Vaults:1: vaults_mumra_minichess_inversion, vaults_dpeg_doors,
          ontoclasm_vaults_ring_small, nicolae_vaults_mini_display_case,
          v_misc_3, vaults_mumra_hex, hangedman_vaults_slice,
          nicolae_vaults_hallways_thing, dpeg_vaults_monster_box,
          vaults_room_octagon, st_spiral_rooms, vaults_room_hallway,
          layout_vaults_maze_bifur
Vaults:2: v_misc_26, v_misc_30, vaults_room_fancy_cross,
          ontoclasm_vaults_loading_screen, nicolae_vaults_circle_grid_b,
          nicolae_vaults_ring_of_whatevers, v_misc_33, hangedman_vaults_pinch,
          nicolae_vaults_big_angled_halls, v_alt_pattern_1, vaults_room_fours,
          vaults_room_grid, nicolae_vaults_diagonal_hallway_6,
          nicolae_vaults_border_crossing, v_misc_24, layout_vaults_omnicross,
          uniq_asterion
Vaults:3: ontoclasm_vaults_ring_large, nicolae_vaults_windows_and_doors_thing,
          v_misc_30, v_misc_17, v_misc_14, layout_vaults_omnigrid,
          minmay_crypt_entry_simple_walls, serial_shops, shop, uniq_nikola
Vaults:4: ontoclasm_vaults_eye, hangedman_vaults_trim, v_rooms_1,
          hangedman_vaults_trim, grunt_vaults_hallway_long,
          vaults_standard_mumra_lines, vaults_room_stairs_pillars,
          hangedman_vaults_restitches, serial_ice_h,
          nicolae_vaults_display_case, layout_vaults_omnibox, uniq_mennas
Vaults:5: uniq_boris, uniq_xtahua

Skill      XL: |  1  2  3  4  5  6  7  8  9 10 11 12 13 14 15 16 17 18 19 20 21 22 23 |
---------------+----------------------------------------------------------------------+-----
Fighting       | 4 5 6 7 9 11 13 14 15 18 20 22 23 24 25 26 | 26.2
Axes           | 4 5 6 8 9 13 16 17 19 20 21 22 | 22.4
Armour         | 3 4 6 7 8 9 12 14 15 16 17 19 20 21 22 | 22.1
Dodging        | 3 4 5 6 7 8 9 |  9.1
Stealth        | 1 2 3 4 |  4.3
Maces & Flails | 3 9 11 13 | 13.0
Shields        | 3 4 10 12 | 12.3
Throwing       | 1 2 3 |  3.2
Short Blades   | 1 |  1.8
Long Blades    | 1 2 4 |  4.2
Polearms       | 1 |  1.8
Staves         | 1 |  1.8
Slings         | 1 |  1.6
Bows           | 1 |  1.8
Crossbows      | 1 |  1.6
Unarmed Combat | 1 |  1.6
Invocations    | 1 |  1.4
Evocations     | 1 2 3 |  3.1

Action                   |  1- 3 |  4- 6 |  7- 9 | 10-12 | 13-15 | 16-18 | 19-21 | 22-24 || total
-------------------------+-------+-------+-------+-------+-------+-------+-------+-------++-------
Melee: Hand axe          |    59 |    90 |    40 |       |       |       |       |       ||   189
       Headbutt          |     9 |    23 |    71 |   161 |   220 |   307 |   217 |   244 ||  1252
       Whip              |       |       |    65 |       |       |       |       |       ||    65
       Flail             |       |       |   220 |   669 |   132 |       |       |       ||  1021
       Broad axe         |       |       |       |       |   692 |  1334 |   890 |   855 ||  3771
       Scimitar          |       |       |       |       |    16 |    10 |       |       ||    26
       War axe           |       |       |       |       |     7 |       |       |       ||     7
       Eudemon blade     |       |       |       |       |       |       |       |    14 ||    14
Throw: Dart              |       |       |       |     3 |    10 |     2 |     1 |     7 ||    23
Invok: Trog's Hand       |       |     3 |     2 |     9 |    12 |    11 |    26 |    22 ||    85
       Berserk           |       |       |     1 |     1 |       |     1 |       |       ||     3
       Brothers in Arms  |       |       |       |     3 |     2 |     2 |     9 |     8 ||    24
Evoke: Wand              |       |     1 |       |       |     3 |    13 |       |       ||    17
  Use: Scroll            |     1 |     5 |     1 |     8 |    23 |    22 |     6 |     6 ||    72
       Potion            |       |       |       |     2 |     1 |     4 |     4 |     4 ||    15
 Stab: Held in net/web   |       |       |       |       |       |     2 |       |       ||     2
       Confused          |       |       |       |       |       |     3 |       |       ||     3
       Distracted        |       |       |       |       |       |       |       |     1 ||     1
       Sleeping          |       |       |       |       |       |       |       |     1 ||     1
Armor: Animal skin       |     6 |       |       |       |       |       |       |       ||     6
       Ring mail         |     4 |    20 |       |       |       |       |       |       ||    24
       Chain mail        |       |     6 |    66 |       |       |       |       |       ||    72
       Plate armour      |       |       |    91 |   472 |   433 |  1197 |   501 |   331 ||  3025
       Shadow dragon sca |       |       |       |       |       |       |       |   104 ||   104
Dodge: Dodged            |    54 |    68 |   223 |   478 |   461 |   634 |   293 |   277 ||  2488
Block: Buckler           |       |       |       |    13 |   434 |   700 |   442 |     8 ||  1597
       Reflection        |       |       |       |       |    12 |    24 |    75 |    53 ||   164
       Kite shield       |       |       |       |       |       |       |       |   811 ||   811
       Rpst.: Scimitar   |       |       |       |       |     1 |     3 |       |       ||     4

Table legend: (Time is in decaauts)
 A = Elapsed time spent in this place.
 B = Non-inter-level travel time spent in this place.
 C = Inter-level travel time spent in this place.
 D = Time resting spent in this place.
 E = Time spent auto-exploring this place.
 F = Levels seen in this place.
 G = Mean time per level.
                   A        B        C        D        E       F      G
               +--------+--------+--------+--------+--------+-----+--------+
         Total |  53416 |  51196 |   2220 |  10914 |  21408 |  44 | 1214.0 |
       Dungeon |  15365 |  14011 |   1354 |   1499 |   8331 |  15 | 1024.3 |
          Lair |   8544 |   8205 |    339 |   2206 |   4245 |   6 | 1424.0 |
         Swamp |   5168 |   5110 |     58 |   2186 |   1230 |   4 | 1292.0 |
   Spider Nest |   3757 |   3713 |     44 |    774 |   1410 |   4 |  939.2 |
    Slime Pits |      1 |      1 |      0 |      0 |      0 |   1 |    1.0 |
  Orcish Mines |   2124 |   2070 |     54 |    453 |    516 |   2 | 1062.0 |
   Elven Halls |   6223 |   6094 |    129 |   1399 |   2151 |   3 | 2074.3 |
        Vaults |  10337 |  10095 |    242 |   2305 |   2713 |   5 | 2067.4 |
         Sewer |    779 |    779 |      0 |     22 |    413 |   1 |  779.0 |
        Bailey |    364 |    364 |      0 |      0 |     28 |   1 |  364.0 |
      Ice Cave |    567 |    567 |      0 |      0 |    303 |   1 |  567.0 |
        Wizlab |    182 |    182 |      0 |     68 |     67 |   1 |  182.0 |
               +--------+--------+--------+--------+--------+-----+--------+

Top non-repeatable levels by time:
Vaults:3: 2684 daAuts
   Elf:2: 2535 daAuts
Vaults:1: 2451 daAuts
   Elf:1: 1907 daAuts
Vaults:4: 1906 daAuts
  Lair:3: 1785 daAuts
Spider:4: 1784 daAuts
  Lair:4: 1782 daAuts
   Elf:3: 1780 daAuts
Vaults:2: 1716 daAuts
 Swamp:3: 1711 daAuts
    D:14: 1670 daAuts
     D:9: 1645 daAuts
 Swamp:2: 1606 daAuts
Vaults:5: 1577 daAuts
